AoeStats
← ninghaochang

Black Forest

510249100Analyzed
3v3 RM · 1d ago on Sep 30, 2026· 41m 12s· 6 players
Game mode
Random Map
Map size
Normal (6 player)
Population
200
Speed
Normal
Resources
Standard
Victory
Conquest
Starting age
Dark Age
Ending age
Imperial Age
RankedLock teamsTeams togetherTeam positionsShared explorationLock speedFull tech treeHidden civsTurbo modeCheats
Victory
Defeat
🇲🇽 Koreans · Mexico
1044
+15
🇲🇽 Slavs · Mexico
1012
+16
🇲🇽 Spanish · Mexico
1003
+16
🇲🇽 Franks · Mexico
1038
-17
🇨🇳 Lithuanians · China
1000
-45
🇨🇳 Mongols · China
1000
-45
cortezalane
0:54 Loom
13:17 Feudal Age
14:41 Double-Bit Axe
18:21 Castle Age
20:41 Gold Mining
21:15 Bow Saw
21:37 Stone Mining
30:03 Scale Barding Armor
30:54 Forging
32:08 Chain Barding Armor
35:37 Iron Casting
40:06 Imperial Age
38:46 Gold Shaft Mining
ninghaochang
10:47 Feudal Age
12:08 Wheelbarrow
25:10 Castle Age
?!
13:54 Feudal Age
14:25 Double-Bit Axe
19:07 Castle Age
17:24 Horse Collar
21:41 Bow Saw
24:06 Light Cavalry
24:49 Husbandry
25:37 Scale Barding Armor
25:43 Forging
25:49 Bloodlines
27:33 Wheelbarrow
PePe_ToÑo
0:30 Loom
12:18 Feudal Age
16:24 Castle Age
18:25 Double-Bit Axe
28:31 Imperial Age
27:22 Scale Barding Armor
27:28 Forging
29:39 Husbandry
29:50 Bloodlines
30:03 Chain Barding Armor
31:39 Pikeman
32:20 Squires
35:18 Chemistry
36:20 Cavalier
37:40 Plate Barding Armor
37:41 Iron Casting
37:20 Town Watch
38:16 Wheelbarrow
41:51 Hand Cart
41:37 Town Patrol
Spartano187
0:35 Loom
14:19 Feudal Age
19:40 Castle Age
18:14 Double-Bit Axe
18:30 Gold Mining
21:17 Stone Mining
21:09 Pikeman
28:12 Horse Collar
33:39 Gold Shaft Mining
37:42 Bow Saw
40:09 Imperial Age
38:47 Wheelbarrow
38:31 Heavy Plow
39:31 Squires
DarkenL
0:26 Loom
12:17 Feudal Age
16:26 Castle Age
27:08 Double-Bit Axe
30:50 Horse Collar
32:32 Wheelbarrow
34:13 Hand Cart
37:31 Imperial Age
35:52 Bow Saw
36:13 Forging
36:33 Scale Mail Armor
36:56 Heavy Plow
37:33 Iron Casting
36:56 Gold Mining
36:56 Stone Mining
39:31 Gold Shaft Mining
38:51 Stone Mining
39:20 Chain Mail Armor
40:39 Stone Shaft Mining
40:35 Plate Mail Armor
40:52 Elite Fire Lancer
Connection lost

Rejoining the realm…

Still unreachable

The connection could not be restored.

Session expired

The server has moved on; the page needs a fresh start.